 Dungeon Crawl Stone Soup version 0.14-a0-1169-g4815781 (webtiles) character file.

44866 PolkaDot the Bewitcher (level 13, -2/79 HPs)
             Began as a Vampire Enchanter on Nov 29, 2013.
             Was the Champion of Kikubaaqudgha.
             Killed by the air
             ... invoked by Gastronok
              (26 damage)
             ... on Level 8 of the Dungeon.
             The game lasted 02:02:34 (20237 turns).

PolkaDot the Bewitcher (Vampire Enchanter)         Turns: 20237, Time: 02:02:34

HP  -2/79        AC  7     Str 11      XL: 13   Next: 94%
MP  11/25        EV 13     Int 18      God: Kikubaaqudgha [******]
Gold 696         SH  0     Dex 22      Spells:  6 memorised,  4 levels left

rFire  . . .     SeeInvis +     Z - +8,+4 elf quick blade (pain)
rCold  + + +     Clarity  .     D - +2 elf robe {rC+}
rNeg   + + +     Conserve .     (no shield)
rPois  +         rCorr    .     (no helmet)
rElec  .         rRot     +     f - +0 cloak
SustAb . .       Spirit   .     y - +0 pair of gauntlets
rMut   +         Warding  .     r - +0 pair of boots
Saprov . . .     Stasis   .     w - amulet of resist mutation
                                X - +5 ring of dexterity
                                S - +4 ring of strength

@: regenerating slowly, very slightly contaminated, somewhat resistant to
hostile enchantments, extraordinarily stealthy
A: bottle blood, fangs 3, see invisible, unbreathing
a: Bat Form, Bottle Blood, Receive Corpses, Torment, Renounce Religion


You were on level 8 of the Dungeon.
You worshipped Kikubaaqudgha.
Kikubaaqudgha was exalted by your worship.
You were near bloodless.

You visited 3 branches of the dungeon, and saw 20 of its levels.
You also visited: Labyrinth and Bailey.

You collected 1146 gold pieces.
You spent 450 gold pieces at shops.

Inventory:

Hand weapons
 Z - a +8,+4 elven quick blade of pain (weapon)
Armour
 f - a +0 cloak (worn)
 r - a +0 pair of boots (worn)
 y - a +0 pair of gauntlets (worn)
 D - a +2 elven robe of cold resistance (worn)
Scrolls
 a - 5 scrolls of identify
 c - a scroll of blinking
 g - 3 scrolls of fog
 h - 5 scrolls of teleportation
 i - 3 scrolls of enchant weapon I
 k - a scroll of immolation
 l - 8 scrolls of remove curse
 m - 3 scrolls of amnesia
 J - 2 scrolls of fear
 L - 2 scrolls of enchant armour {unknown}
 T - a scroll of brand weapon {unknown}
Jewellery
 w - an amulet of resist mutation (around neck)
 S - a +4 ring of strength (left hand)
 X - a +5 ring of dexterity (right hand)
Potions
 b - 2 potions of brilliance
 n - 2 potions of speed
 p - 2 potions of flight
 q - 2 potions of magic
 s - 2 potions of invisibility
 v - a potion of might
 z - 2 potions of heal wounds
 E - a potion of restore abilities
 F - a potion of curing
 N - 2 potions of resistance
 U - a potion of agility
Books
 e - a book of Unlife

   Spells                             Type                      Level
   Recall                             Summoning/Translocation      3
   *Animate Dead                      Necromancy                   4
   Control Undead                     Necromancy                   4
   Twisted Resurrection               Necromancy                   5
   Death Channel                      Necromancy                   6
   Simulacrum                         Ice/Necromancy               6
 o - a book of Necromancy

   Spells                             Type                      Level
   Pain                               Necromancy                   1
   Animate Skeleton                   Necromancy                   1
   Lethal Infusion                    Charms/Necromancy            2
   Vampiric Draining                  Necromancy                   3
   Regeneration                       Charms/Necromancy            3
   *Animate Dead                      Necromancy                   4
   Control Undead                     Necromancy                   4
 x - a Necronomicon

   Spells                             Type                      Level
   Haunt                              Necromancy/Summoning         7
   Borgnjor's Revivification          Necromancy                   8
   Death's Door                       Charms/Necromancy            8
   Necromutation                      Transmutation/Necromancy     8
 B - Kikubaaqudgha's Disquisition on Evil Magic
   (Kikubaaqudgha gifted it to you on level 6 of the Dungeon)

   Spells                             Type                      Level
   Animate Skeleton                   Necromancy                   1
   Corpse Rot                         Necromancy                   2
   Sublimation of Blood               Necromancy                   2
   Vampiric Draining                  Necromancy                   3
   Control Undead                     Necromancy                   4
 G - a book of Frost

   Spells                             Type                      Level
   Freeze                             Ice                          1
   Throw Frost                        Conjuration/Ice              2
   Ozocubu's Armour                   Charms/Ice                   3
   Throw Icicle                       Conjuration/Ice              4
   Summon Ice Beast                   Ice/Summoning                4
   Condensation Shield                Ice                          4
 R - Kikubaaqudgha's Compendium of Unholy Arts
   (Kikubaaqudgha gifted it to you on level 10 of the Dungeon)

   Spells                             Type                      Level
   Excruciating Wounds                Charms/Necromancy            5
   Dispel Undead                      Necromancy                   5
   Twisted Resurrection               Necromancy                   5
   Simulacrum                         Ice/Necromancy               6
   Death Channel                      Necromancy                   6


   Skills:
 - Level 7.4 Short Blades
 - Level 0.7 Throwing
 - Level 2.1 Dodging
 - Level 15.6 Stealth
 - Level 5.3 Spellcasting
 - Level 18.4 Hexes
 * Level 14.3 Necromancy
   Level 6.4 Evocations


You had 4 spell levels left.
You knew the following spells:

 Your Spells              Type           Power        Failure   Level  Hunger
a - Corona                Hex            ######.      0%          1    None
b - Sure Blade            Hex/Chrm       #####.....   1%          2    None
c - Confuse               Hex            ######..     1%          3    ###....
d - Ensorcelled Hibernat  Hex/Ice        #####.       1%          2    None
i - Invisibility          Hex            ######..     1%          6    #######
Q - Animate Dead          Necr           N/A          1%          4    ####...


Dungeon Overview and Level Annotations

Branches:
Dungeon (13/16)            Temple (1/1) D:5             Orc (0/4) D:12
   Lair (6/8) D:11          Swamp (0/5) Lair:4        Snake (0/5) Lair:3
  Slime: Lair:6-8

Altars:
Ashenzari
Elyvilon
Fedhas
Kikubaaqudgha
Makhleb
Nemelex Xobeh
Okawaru
Sif Muna
Trog
Vehumet
Xom
Yredelemnul
Zin
the Shining One
Lugonu

Shops:
D:7 +

Annotations:
D:8 Gastronok


Innate Abilities, Weirdness & Mutations

You heal slowly.
You can bottle blood from corpses.
You have razor-sharp teeth.*
You have supernaturally acute eyesight.
You can survive without breathing.*


Message History

Aim: Gastronok wearing a glowing wizard hat (moderately wounded) Gastronok resists.
Casting: Confuse
Confirm with . or Enter, or press ? or * to list all spells.
Aiming: Confuse
Press: ? - help, Shift-Dir - straight line, f/p - Gastronok
Aim: Gastronok wearing a glowing wizard hat (moderately wounded) Gastronok easily resists.
Gastronok gurgles.
Gastronok bites you!
Casting: Confuse
Confirm with . or Enter, or press ? or * to list all spells.
Aiming: Confuse
Press: ? - help, Shift-Dir - straight line, f/p - Gastronok
Aim: Gastronok wearing a glowing wizard hat (lightly wounded) Gastronok resists with some effort.
Gastronok waves his eye-stalks in wide circles.
The air twists around and strikes you!
You die...
Kikubaaqudgha rasps: "You have failed me!
Welcome... oblivion!"

..###...#######........###....#
<(# #...# ####.....# #.##.# ..#
#...###########..### #.##.# ..#
#.##....[........# #.##.# ..#
#.#...#########..#####.##.#
..###.#...##...# #.....z....#.#
...##.....##...###.z.z......#z#
...........[..j..z...<......#.###
...##......####.@<#.....#..##.z..
..###.##...# #.......###########
..# #......# ####....#..........
..# #......# #...##..#...#... ..#
#.[....########..##_......... ..#
#.................#..#...#... ..#
#....##########..##.......... ..#
#.#..# #...########### ..###.#..#
#..#...#


You could see Gastronok, 3 friendly orc zombies and a friendly human zombie.

Vanquished Creatures
  A minotaur (Lab)
  Fannar (D:10)
  Harold (Lair:2)
  2 hydras
  5 death yaks (Lair:6)
  A centaur warrior (D:13)
  Nergalle (D:11)
  Erolcha (D:8)
  A hill giant (D:12)
  Pikel (D:8)
  Joseph (D:9)
  A cyclops (D:12)
  A griffon (Lair:5)
  2 oklob plants (Lair:5)
  13 elephants
  5 spiny frogs
  A black mamba (Lair:6)
  A feature mimic (Lair:5)
  3 komodo dragons
  5 trolls
  12 blink frogs
  A raven (D:12)
  A two-headed ogre (D:12)
  A grizzly bear (Lair:2)
  2 sharks
  2 basilisks
  A wraith (D:11)
  2 elephant slugs
  A hog (D:7)
  2 hill giant zombies
  5 ugly things (D:13)
  23 yaks
  Grum (D:9)
  5 hippogriffs
  5 wolves
  2 hill giant skeletons
  A deep elf fighter (D:11)
  A manticore (D:12)
  5 vampire mosquitoes (Lair:4)
  A mottled dragon (D:13)
  4 slaves (D:8)
  6 porcupines
  A human (D:7)
  A necrophage (D:6)
  A naga (Lair:5)
  11 orc warriors
  12 ogres
  6 ice beasts
  4 giant goldfish
  2 sky beasts
  5 phantoms
  A black bear (D:12)
  4 centaurs
  2 boring beetles
  13 crocodiles
  3 big kobolds (D:4)
  Sigmund (D:3)
  Duvessa (D:9)
  3 yellow wasps
  A giant slug (Lair:4)
  7 water moccasins
  A komodo dragon zombie (D:11)
  2 agate snails
  A cyclops zombie (D:10)
  A wyvern zombie (D:11)
  15 giant frogs
  A cyclops skeleton (D:5)
  3 troll zombies (D:12)
  2 yak skeletons (D:10)
  A jellyfish (Lair:1)
  9 wights
  4 killer bees (D:12)
  Dowan (D:9)
  9 crimson imps
  3 goliath beetles
  An electric eel (Lair:1)
  7 hounds
  A big fish (Lair:4)
  4 iguanas
  A jelly (D:7)
  4 orc priests
  A quasit (D:5)
  A centaur skeleton (D:6)
  5 orc wizards
  3 scorpions
  14 worker ants
  22 sheep
  4 ogre zombies (D:12)
  A sky beast zombie (D:8)
  An ogre skeleton (D:8)
  A human simulacrum (D:11)
  18 green rats
  8 gnolls
  21 adders
  A giant centipede (Lair:2)
  5 worms
  4 giant mites
  4 grey rats
  A giant eyeball (D:7)
  40 orcs
  A bat skeleton (D:4)
  6 giant cockroaches
  43 hobgoblins
  11 jackals
  26 kobolds
  3 oozes
  15 quokkas
  30 bats
  11 giant geckos
  2 giant newts
  A giant spore (D:6)
  43 goblins
  A goblin skeleton (D:12)
  4 goblin zombies (D:12)
  A hobgoblin skeleton (D:12)
  5 hobgoblin zombies (D:12)
  A kobold skeleton (D:4)
  3 orc skeletons
  12 orc zombies (D:12)
  A quokka zombie (Lair:1)
  48 rats
  A rat skeleton (D:4)
  2 ballistomycetes (D:6)
708 creatures vanquished.

Vanquished Creatures (collateral kills)
  A hydra (Lair:3)
  2 oklob plants (Lair:5)
  An elephant (Lair:4)
  A spiny frog (Lair:1)
  3 basilisks
  A shark (Lair:4)
  A porcupine (Lair:5)
  2 nagas (Lair:5)
  A water moccasin (Lair:5)
  3 jellyfish
  An electric eel (Lair:4)
  2 sheep
  A gnoll (D:8)
  4 adders
  8 green rats
  A quokka (Lair:2)
  A bat (Lair:5)
  A rat (Lair:5)
  A fungus (Lair:5)
36 creatures vanquished.

Vanquished Creatures (others)
  A spiny frog zombie (Lair:5)
  3 blink frog zombies
  A giant frog (D:11)
  A giant frog zombie (Lair:4)
  A crocodile zombie (Lair:4)
  A human simulacrum (D:11)
  A hound zombie (Lair:3)
  4 sheep zombies
  2 orc zombies (D:8)
  An orc (Bailey)
  A bat zombie (Lair:5)
  A gnoll zombie (D:8)
  A goblin (D:5)
  2 green rat zombies (Lair:1)
  A jackal zombie (Lair:5)
  A kobold (Bailey)
  A quokka zombie (Lair:5)
  2 fungi
  3 plants
29 creatures vanquished.

Grand Total: 773 creatures vanquished

Notes
Turn   | Place    | Note
--------------------------------------------------------------
     0 | D:1      | PolkaDot, the Vampire Enchanter, began the quest for the Orb.
     0 | D:1      | Reached XP level 1. HP: 13/13 MP: 4/4
   264 | D:1      | Reached XP level 2. HP: 13/19 MP: 5/5
   306 | D:1      | Reached skill level 5 in Hexes
   709 | D:2      | Reached XP level 3. HP: 24/24 MP: 6/6
   816 | D:2      | Found an iron altar of Okawaru.
  1153 | D:2      | Learned a level 3 spell: Confuse
  1337 | D:2      | Reached XP level 4. HP: 26/30 MP: 8/8
  1487 | D:2      | Found a bloodstained altar of Trog.
  1490 | D:2      | Found a radiant altar of Vehumet.
  1780 | D:3      | Noticed an ice beast
  1820 | D:3      | Killed an ice beast
  1820 | D:3      | Reached skill level 6 in Hexes
  1820 | D:3      | Reached XP level 5. HP: 9/35 MP: 1/9
  2067 | D:3      | Noticed Sigmund
  2098 | D:3      | Reached skill level 7 in Hexes
  2201 | D:3      | Killed Sigmund
  2201 | D:3      | Reached skill level 5 in Stealth
  2201 | D:3      | Reached XP level 6. HP: 36/41 MP: 2/10
  2337 | D:3      | Found a shimmering altar of Xom.
  2337 | D:3      | Found a white marble altar of Elyvilon.
  3032 | D:4      | Reached skill level 8 in Hexes
  3253 | D:4      | Reached XP level 7. HP: 46/46 MP: 8/11
  3257 | D:4      | Learned a level 2 spell: Ensorcelled Hibernation
  3473 | D:4      | Reached skill level 9 in Hexes
  4581 | D:4      | Reached skill level 5 in Short Blades
  4609 | D:4      | Reached skill level 10 in Hexes
  4745 | D:4      | Reached XP level 8. HP: 47/52 MP: 1/13
  4843 | D:5      | Entered Level 5 of the Dungeon
  5115 | D:5      | Found a staircase to the Ecumenical Temple.
  5127 | Temple   | Entered the Ecumenical Temple
  5175 | Temple   | Became a worshipper of Kikubaaqudgha
  5756 | D:6      | Reached skill level 11 in Hexes
  6468 | D:6      | Reached skill level 12 in Hexes
  6570 | D:6      | Acquired Kikubaaqudgha's first power
  6570 | D:6      | Received a gift from Kikubaaqudgha
  6573 | D:6      | Identified Kikubaaqudgha's Disquisition on Evil Magic (Kikubaaqudgha gifted it to you on level 6 of the Dungeon)
  6818 | D:7      | Reached XP level 9. HP: 55/57 MP: 3/14
  7185 | D:7      | Reached skill level 10 in Stealth
  7222 | D:7      | Found Utugrap's Book Emporium.
  7394 | D:8      | Noticed Gastronok
  7453 | D:8      | Reached skill level 13 in Hexes
  7511 | D:9      | Noticed Joseph
  7518 | D:9      | Killed Joseph
  7589 | D:9      | Reached skill level 14 in Hexes
  7733 | D:9      | Found a deep blue altar of Sif Muna.
  7792 | D:9      | Found a sparkling altar of Nemelex Xobeh.
  7803 | D:9      | Noticed Grum
  7808 | D:9      | Acquired Kikubaaqudgha's second power
  7808 | D:9      | Reached XP level 10. HP: 56/63 MP: 16/18
  7851 | D:9      | Learned a level 6 spell: Invisibility
  7854 | D:9      | Learned a level 2 spell: Sure Blade
  8013 | D:9      | Killed Grum
  8162 | D:9      | Noticed Duvessa
  8165 | D:9      | Noticed Dowan
  8176 | D:9      | Killed Duvessa
  8183 | D:9      | Killed Dowan
  8383 | D:10     | Entered Level 10 of the Dungeon
  8408 | D:10     | Noticed Fannar
  8430 | D:10     | Killed Fannar
  8430 | D:10     | Reached skill level 15 in Hexes
  8843 | D:10     | Got a bloodstained dagger
  8844 | D:10     | Identified the +8,+5 dagger "Beastslayer" {antimagic, -Cast rF+ rC+ rN+ MR+} (You found it on level 10 of the Dungeon)
  8896 | D:10     | Received a gift from Kikubaaqudgha
  8897 | D:10     | Identified Kikubaaqudgha's Compendium of Unholy Arts (Kikubaaqudgha gifted it to you on level 10 of the Dungeon)
  9366 | D:10     | Reached skill level 16 in Hexes
  9757 | D:11     | Reached XP level 11. HP: 68/68 MP: 19/23
  9946 | D:11     | Reached skill level 5 in Spellcasting
  9987 | D:11     | Acquired Kikubaaqudgha's third power
 10076 | D:11     | Noticed Nergalle
 10090 | D:11     | Killed Nergalle
 10158 | D:11     | Found a staircase to the Lair.
 10678 | D:12     | Found a staircase to the Orcish Mines.
 10719 | D:12     | Reached skill level 1 in Necromancy
 10830 | D:12     | Reached skill level 17 in Hexes
 11419 | D:12     | Noticed a hill giant
 11447 | D:12     | Killed a hill giant
 11688 | D:13     | Found an iron altar of Okawaru.
 11942 | D:13     | Noticed a centaur warrior
 11948 | D:13     | Found a flagged portal.
 11951 | D:13     | Killed a centaur warrior
 11958 | D:13     | Reached skill level 5 in Necromancy
 11972 | D:13     | Got a smoking falchion
 11973 | D:13     | Identified the +7,+5 falchion "Luxoitt" {slice, rPois SInv} (You found it on level 13 of the Dungeon)
 11973 | D:13     | Identified the +7,+5 falchion "Luxoitt" {slice, rPois SInv} (You found it on level 13 of the Dungeon)
 11982 | Bailey   | Entered a bailey
 12280 | Bailey   | Reached skill level 18 in Hexes
 12679 | D:7      | Bought a book of Necromancy for 450 gold pieces
 12685 | D:7      | Learned a level 4 spell: Animate Dead
 12777 | D:8      | Noticed Erolcha
 12780 | D:8      | Killed Erolcha
 12780 | D:8      | Reached XP level 12. HP: 74/74 MP: 25/25
 12951 | D:8      | Acquired Kikubaaqudgha's fourth power
 13361 | Lair:1   | Entered Level 1 of the Lair of Beasts
 13431 | Lair:1   | Noticed a six-headed hydra
 13438 | Lair:1   | Killed a six-headed hydra
 13438 | Lair:1   | Reached skill level 15 in Stealth
 14633 | Lair:2   | Noticed Harold
 14641 | Lair:2   | Killed Harold
 14658 | Lair:2   | Identified a scroll of acquirement
 15288 | Lair:3   | Reached skill level 10 in Necromancy
 15295 | Lair:3   | Noticed a seven-headed hydra
 15356 | Lair:3   | Killed a seven-headed hydra
 15600 | Lair:3   | Found a staircase to the Snake Pit.
 15600 | Lair:3   | Found a labyrinth entrance.
 15610 | Lab      | Entered a labyrinth
 15762 | Lab      | Noticed a minotaur
 15764 | Lab      | Killed a minotaur
 15767 | Lab      | Got a fine jade ring
 15768 | Lab      | Identified the ring of Liodd {Hunger- Str+1 Int+2} (You found it in a labyrinth)
 16203 | Lair:4   | Found a staircase to the Swamp.
 16214 | Lair:4   | Reached skill level 1 in Evocations
 16242 | Lair:4   | Reached XP level 13. HP: 79/79 MP: 22/25
 16627 | Lair:4   | Found a glowing silver altar of Zin.
 17432 | Lair:5   | Found a staircase to the Snake Pit.
 18184 | Lair:5   | Reached skill level 5 in Evocations
 18245 | Lair:5   | the staircase to the Snake Pit was a mimic.
 19951 | Temple   | Identified a +8,+4 elven quick blade of pain (a +7,+4 elven quick blade bloodied by Kikubaaqudgha)
 20092 | D:8      | Noticed Pikel
 20116 | D:8      | Killed Pikel
 20174 | D:8      | Found a burning altar of Makhleb.
 20237 | D:8      | Killed from afar by Gastronok

Action                   |  1- 3 |  4- 6 |  7- 9 | 10-12 | 13-15 || total
-------------------------+-------+-------+-------+-------+-------++-------
Melee: Dagger            |   223 |   202 |   510 |   603 |       ||  1538
       Falchion          |       |       |       |     5 |       ||     5
       Quick blade       |       |       |       |    79 |   366 ||   445
Throw: Dart              |       |       |     1 |       |       ||     1
 Cast: Confuse           |     2 |    29 |    44 |    56 |    14 ||   145
       Ensorcelled Hiber |       |       |    50 |    78 |    43 ||   171
       Invisibility      |       |       |       |    22 |    10 ||    32
       Animate Dead      |       |       |       |    31 |    32 ||    63
Invok: Receive Corpses   |       |       |       |     1 |       ||     1
 Abil: Bottle Blood      |       |       |     2 |    16 |       ||    18
       End Transformatio |       |       |       |       |     1 ||     1
       Bat Form          |       |       |       |       |     1 ||     1
Evoke: Wand              |       |     2 |       |     9 |       ||    11
  Use: Potion            |     2 |     3 |     8 |    16 |     1 ||    30
       Scroll            |     2 |     1 |     8 |    25 |     1 ||    37
 Stab: Sleeping          |     6 |     3 |    66 |   205 |    74 ||   354
       Confused          |       |    15 |    19 |    34 |     3 ||    71
       Distracted        |       |     1 |       |     5 |     5 ||    11
       Invisible         |       |       |       |    26 |    26 ||    52
       Paralysed         |       |       |       |     1 |       ||     1
